 Dungeon Crawl Stone Soup version 0.27.1-3-gb3d3a73c9e (webtiles) character file.

Game seed: 5879813399751604024

91 Eitelfritz the Poker (level 4, -3/34 HPs)
             Began as a Merfolk Gladiator on Oct 15, 2021.
             Slain by Crazy Yiuf (8 damage)
             ... on level 2 of the Dungeon.
             The game lasted 00:05:39 (2177 turns).

Eitelfritz the Poker (Merfolk Gladiator)            Turns: 2177, Time: 00:05:39

Health: -3/34      AC:  4    Str: 14    XL:     4   Next: 57%
Magic:  3/5        EV: 13    Int:  8    God:
Gold:   106        SH:  0    Dex: 15    Spells: 3/4 levels left

rFire    . . .     SeeInvis .   a - +0 trident
rCold    . . .     Faith    .   (no shield)
rNeg     . . .     Spirit   .   b - +0 leather armour
rPois    .         Reflect  .   c - +0 helmet
rElec    .         Harm     .   (no cloak)
rCorr    .         Rampage  .   (no gloves)
Will     .....                  (no boots)
Stlth    +.........             (no amulet)
HPRegen  0.11/turn              (no ring)
MPRegen  0.09/turn              (no ring)

@: lethally poisoned (-3 -> -22), very slightly contaminated
A: (nimble swimmer 2), mertail
a: no special abilities


You were on level 2 of the Dungeon.
You visited 1 branch of the dungeon, and saw 2 of its levels.

You collected 106 gold pieces.

Inventory:

Hand Weapons
 a - a +0 trident (weapon)
Missiles
 d - 3 throwing nets (quivered)
 l - 2 boomerangs of dispersal
Armour
 b - a +0 leather armour (worn)
 c - a +0 helmet (worn)
Scrolls
 f - a scroll of summoning {unknown}
 i - a scroll of teleportation {unknown}
 j - a scroll of identify {unknown}
 k - a scroll of magic mapping {unknown}
 m - a scroll of enchant armour {unknown}
Potions
 e - a potion of cancellation {unknown}
 g - 2 potions of degeneration {unknown}
 h - a potion of haste {unknown}


   Skills:
 + Level 2.6 Fighting
 + Level 5.8 Polearms
 + Level 2.0 Throwing
 + Level 0.3 Armour
 + Level 4.9 Dodging
 + Level 0.2 Stealth
 + Level 0.7 Spellcasting
 + Level 1.2 Ice Magic


You had 3 spell levels left.
You knew the following spells:

 Your Spells              Type           Power      Damage    Failure   Level
a - Freeze                Ice            8%         1d3       32%         1

Your spell library contained the following spells:

 Spells                   Type           Power      Damage    Failure   Level
 Animate Skeleton         Necr           0%         N/A       45%         1
 Apportation              Tloc           0%         N/A       45%         1
 Corona                   Hex            0%         N/A       45%         1
 Summon Small Mammal      Summ           0%         N/A       45%         1
 Frozen Ramparts          Ice            4%         1d2       67%         3
 Hailstorm                Conj/Ice       1%         3d3       99%         4


Dungeon Overview and Level Annotations

Branches:
Dungeon (2/15)

Altars:

Annotations:
D:2 Crazy Yiuf


Innate Abilities, Weirdness & Mutations

((You are quick and stealthy near water. (Stealth+, EV+, Speed+++)))
Your lower body shifts to a powerful aquatic tail in water.


Message History

You see here a frilled lizard corpse.
There is an escape hatch in the ceiling here.
There is a shaft here.
There is a stone staircase leading up here.
You see here a +0 hunting sling.
Crazy Yiuf shouts!
Crazy Yiuf whimpers, "Defame sanguine canine!"
Could not explore, unopened runed door.
As you open the door, it creaks loudly!
Casting: Freeze (safe; 32% risk of failure)
Confirm with . or Enter, or press ? or * to list all spells.
Aiming: Freeze (safe; 32% risk of failure)
Press: ? - help, Shift-Dir - straight line, f - Crazy Yiuf
Aim: Crazy Yiuf, wielding a +4 quarterstaff of chaos and wearing a +0 cloak You miscast Freeze.
You are very lightly contaminated with residual magic.
Nothing appears to happen.
Crazy Yiuf closely misses you.
Casting: Freeze (safe; 32% risk of failure)
Confirm with . or Enter, or press ? or * to list all spells.
Aiming: Freeze (safe; 32% risk of failure)
Press: ? - help, Shift-Dir - straight line, f/p - Crazy Yiuf
Aim: Crazy Yiuf, wielding a +4 quarterstaff of chaos and wearing a +0 cloak You freeze Crazy Yiuf.
Crazy Yiuf is lightly wounded.
Crazy Yiuf hits you with a +4 quarterstaff of chaos!
Crazy Yiuf burns you.
You hit Crazy Yiuf.
Crazy Yiuf is lightly wounded.
Crazy Yiuf closely misses you.
You barely miss Crazy Yiuf.
Crazy Yiuf is lightly wounded.
Crazy Yiuf hits you with a +4 quarterstaff of chaos!
* * * LOW HITPOINT WARNING * * *
You are lethally poisoned!
You hit Crazy Yiuf.
Crazy Yiuf is moderately wounded.
* * * LOW HITPOINT WARNING * * *
You feel very sick.
Crazy Yiuf hits you with a +4 quarterstaff of chaos!
You die...

#.##
##......#####...#.#
#..#
#.....<.........#.#
##.#
#.......#####).##.#
#.#### #########
#.....# #....# ##.####
#.#### ♣♣♣♣♣####.#
#.##.# ###
♣♣♣.♣....##.#
#####.##.#
#...#♣..♣.PP.....#
.........#
#...g@♣♣♣♣.P....######
#####.##.# #)..#♣♣
♣♣P..........
#####....# ###
♣♣##########
#........# #
#.###.#### # #.#
#.############### #
#.# #.##........))..#
# ..#
#..#<#.####.##<## #
..# ##.#.#.####.##.# #


You could see Crazy Yiuf.

Vanquished Creatures
  Robin (D:2)
  4 adders
  6 endoplasms
  2 giant cockroaches
  9 goblins
  4 hobgoblins (D:2)
  A kobold (D:1)
  4 quokkas (D:2)
  A ball python (D:2)
  4 bats
  3 frilled lizards
  3 rats (D:1)
42 creatures vanquished.

Notes
Turn   | Place    | Note
-------+----------+-------------------------------------------
     0 | D:1      | Eitelfritz the Merfolk Gladiator began the quest for the
                  | Orb.
     0 | D:1      | Reached XP level 1. HP: 16/16 MP: 1/1
   161 | D:1      | Reached XP level 2. HP: 23/23 MP: 2/2
   165 | D:1      | Reached skill level 5 in Polearms
   553 | D:1      | Learned a level 1 spell: Freeze
   777 | D:2      | Noticed Robin
   787 | D:1      | Reached XP level 3. HP: 12/28 MP: 0/3
  1087 | D:2      | Killed Robin
  1469 | D:2      | Reached XP level 4. HP: 32/34 MP: 1/4
  1582 | D:2      | Reached skill level 1 in Ice Magic
  1937 | D:2      | Found a runed translucent door.
  1938 | D:2      | Noticed Crazy Yiuf
  2177 | D:2      | Slain by Crazy Yiuf

Illustrated notes

Levels and vault maps discovered:
D:1:      dpeg_arrival_arbitrary_b, layout_loops_ring
D:2:      layout_loops_ring, uniq_crazy_yiuf_cottage, uniq_robin

Skill      XL: |  1  2  3  4 |
---------------+-------------+-----
Polearms       | 5 |  5.8
Ice Magic      | 1 |  1.2
Fighting       | |  2.6
Throwing       | |  2.0
Armour         | |  0.3
Dodging        | |  4.9
Stealth        | |  0.2
Spellcasting   | |  0.7

Action                   |  1- 3 |  4- 6 || total
-------------------------+-------+-------++-------
Melee: Trident           |    94 |    33 ||   127
 Cast: Freeze            |    10 |     3 ||    13
 Stab: Sleeping          |     2 |       ||     2
       Distracted        |     1 |       ||     1
Armor: Leather armour    |    20 |    13 ||    33
Dodge: Dodged            |    39 |    27 ||    66
